 Dungeon Crawl Stone Soup version 0.29.0-4-gdea44cf6ec (webtiles) character file.

Game seed: 7881574297927811023

573 qw the Chopper (level 7, -3/41 HPs)
             Began as a Tengu Warper on Aug 28, 2022.
             Was a Follower of Okawaru.
             Slain by a gnoll
             ... wielding a +0 halberd
             ... led by a gnoll bouda
              (13 damage)
             ... on level 5 of the Dungeon.
             The game lasted 00:00:28 (5215 turns).

qw the Chopper (Tengu Warper)                       Turns: 5215, Time: 00:00:29

Health: -3/41      AC:  6    Str: 13    XL:     7   Next: 34%
Magic:  8/11       EV: 16    Int: 13    God:    Okawaru [*.....]
Gold:   129        SH:  0    Dex: 14    Spells: 10/10 levels left

rFire   . . .      SeeInvis +   Y - +2 hand axe
rCold   . . .      Faith    .   (no shield)
rNeg    . . .      Spirit   .   f - +0 ring mail
rPois   .          Reflect  .   (helmet restricted)
rElec   .          Harm     .   (no cloak)
rCorr   +          Rampage  .   (no gloves)
Will    .....                   (boots unavailable)
Stlth   ++........              (no amulet)
HPRegen 0.13/turn               i - ring of resist corrosion
MPRegen 0.12/turn               c - ring of see invisible

@: heroic, weakened, flying quickly and evasively, quick
A: beak, talons 3, nimble flight
a: Renounce Religion, Heroism


You were on level 5 of the Dungeon.
You worshipped Okawaru.
Okawaru was aware of your devotion.
You visited 1 branch of the dungeon, and saw 5 of its levels.

You collected 129 gold pieces.


Innate Abilities, Weirdness & Mutations

You have a beak for a mouth.
You have claws for feet.
Your magical nature lets you fly swiftly and evasively.


   Skills:
 - Level 3.6(8.6) Fighting
 + Level 7.7(12.7) Axes
 - Level 1.0(6.0) Throwing
 - Level 1.1(6.1) Armour
 - Level 2.1(7.1) Dodging
 - Level 2.0 Spellcasting
 - Level 2.4 Translocations
 + Level 1.0 Invocations


You had 10 spell levels left.
You didn't know any spells.
Your spell library contained the following spells:

 Spells                   Type           Power      Damage    Failure   Level
 Blink                    Tloc           14%        N/A       28%         2
 Gell's Gravitas          Tloc           7%         N/A       50%         3
 Lesser Beckoning         Tloc           7%         N/A       50%         3
 Teleport Other           Tloc           7%         N/A       50%         3
 Manifold Assault         Tloc           7%         N/A       99%         5

Inventory:

Hand Weapons
 m - a +0 flail
 Y - a +2 hand axe (weapon)
Armour
 f - a +0 ring mail (worn)
Jewellery
 c - a ring of see invisible (right hand)
 i - a ring of resist corrosion (left hand)
Scrolls
 a - a scroll of identify
 h - 2 scrolls of teleportation
 n - a scroll of enchant armour
Potions
 d - 2 potions of curing
 e - 2 potions of heal wounds
 j - a potion of cancellation
 k - a potion of haste
 l - a potion of resistance
 o - a potion of might {unknown}

Dungeon Overview and Level Annotations

Branches:
Dungeon (5/15)
 Temple: D:4-7

Altars:
Cheibriados
Okawaru
Trog
Xom


Message History

The gnoll bouda is moderately wounded.
You closely miss the gnoll bouda.
You claw the gnoll bouda, but do no damage.
You peck the gnoll bouda.
The gnoll bouda is moderately wounded.
The gnoll bouda completely misses you.
An ogre comes into view. It is wielding a +0 giant club.
The gnoll misses you. x2
You slash the gnoll bouda! You peck the gnoll bouda.
The gnoll bouda is almost dead.
The gnoll hits you from afar with a +0 halberd.
The gnoll closely misses you.
The gnoll bouda gazes fiercely through you!
You feel as though you will be weak longer.
The gnoll bouda barely misses you.
You hit the gnoll bouda.
You kill the gnoll bouda!
Okawaru accepts your kill.
Your Invocations skill increases to level 1!
You hit the water moccasin. Your peck misses the water moccasin.
The water moccasin is lightly wounded.
You feel like a meek peon again. The water moccasin barely misses you.
The gnoll barely misses you.
The gnoll hits you from afar with a +0 halberd.
5212 ||| INVOKING Heroism.
You fail to use your ability.
The water moccasin closely misses you.
The gnoll hits you from afar with a +0 halberd!
The gnoll hits you but does no damage.
5213 ||| INVOKING Heroism.
You gain the combat prowess of a mighty hero.
The water moccasin closely misses you. The gnoll closely misses you.
The gnoll misses you. The water moccasin barely misses you.
You miss the water moccasin. Your kick misses the water moccasin.
You peck the water moccasin.
The water moccasin is lightly wounded.
You miss the water moccasin. Your peck misses the water moccasin.
The water moccasin is lightly wounded.
The water moccasin bites you.
The gnoll hits you from afar with a +0 halberd!
You die... #.#... ##.#.. ##..... ..... #...# gOg

#S# #@# #)#
#.# #.#
#.#######
#...(...#
#..##.#.###
#.........###
#.#######...##


You could see a water moccasin, an ogre and 2 gnolls.

Vanquished Creatures
  2 black bears (D:4)
  An ogre (D:4)
  A jelly (D:4)
  A hound (D:5)
  A gnoll bouda (D:5)
  Jessica (D:2)
  4 gnolls
  7 adders
  A worm (D:2)
  2 dart slugs
  7 orcs
  5 ball pythons
  9 bats
  7 endoplasms
  2 giant cockroaches
  5 goblins
  9 hobgoblins
  2 jackals (D:4)
  6 kobolds
  5 quokkas
  4 frilled lizards
  3 rats
85 creatures vanquished.

Notes
Turn   | Place    | Note
-------+----------+-------------------------------------------
     0 | D:1      | qw the Tengu Warper began the quest for the Orb.
     0 | D:1      | Reached XP level 1. HP: 12/12 MP: 4/4
     0 | D:1      | 0 ||| qw: Version: 0.1-a-89-g26bdef1
     0 | D:1      | 0 ||| qw: Game counter: 2579
     0 | D:1      | 0 ||| qw: Always use a shield: true
     0 | D:1      | 0 ||| qw: God list: Okawaru
     0 | D:1      | 0 ||| qw: Allow faded altars: false
     0 | D:1      | 0 ||| qw: Do Orc after D:15 true
     0 | D:1      | 0 ||| qw: Do second Lair branch before Depths: true
     0 | D:1      | 0 ||| qw: Lair rune preference: random
     0 | D:1      | 0 ||| qw: Plans: Normal
     0 | D:1      | 0 ||| PLANNING D:1-11
   112 | D:1      | Reached skill level 3 in Axes
   112 | D:1      | Reached XP level 2. HP: 17/17 MP: 6/6
   834 | D:1      | Reached XP level 3. HP: 21/21 MP: 7/7
  1045 | D:1      | 1045 ||| DROPPING +0 club.
  1116 | D:1      | Found a faded altar of an unknown god.
  1140 | D:1      | 1140 ||| READING 4 scrolls labelled XISYUL HUS WEQ.
  1141 | D:1      | 1141 ||| READING scroll labelled QEEMNI MOSTRO.
  1142 | D:1      | 1142 ||| READING 3 scrolls of identify.
  1142 | D:1      | 1142 ||| IDENTIFYING glowing orange potion
  1143 | D:1      | 1143 ||| READING 2 scrolls of identify.
  1143 | D:1      | 1143 ||| IDENTIFYING murky grey potion
  1144 | D:1      | 1144 ||| DROPPING scroll of blinking.
  1162 | D:2      | Reached skill level 4 in Axes
  1203 | D:2      | 1203 ||| Stepping ~*~*~tactically~*~*~ (stealth).
  1359 | D:2      | Found a snail-covered altar of Cheibriados.
  1547 | D:2      | Reached XP level 4. HP: 25/26 MP: 8/8
  2066 | D:2      | Noticed Jessica
  2067 | D:2      | 2067 ||| Stepping ~*~*~tactically~*~*~ (hiding).
  2075 | D:2      | Killed Jessica
  2076 | D:2      | Reached skill level 5 in Axes
  2395 | D:2      | Gained mutation: Your magical nature lets you fly swiftly
                  | and evasively. [Tengu growth]
  2395 | D:2      | Reached XP level 5. HP: 29/30 MP: 9/9
  2548 | D:2      | 2548 ||| UPGRADING to +0 ring mail.
  2558 | D:2      | 2558 ||| DROPPING +0 leather armour.
  2559 | D:2      | 2559 ||| DROPPING ring of magical power.
  2560 | D:2      | 2560 ||| UPGRADING to ring of resist corrosion.
  2561 | D:2      | 2561 ||| READING scroll labelled MODOBO CIDIYLO.
  2562 | D:2      | 2562 ||| READING scroll labelled JAOJUN FEFORR.
  2698 | D:2      | 2698 ||| READING scroll labelled LYMUUQ ULUFOGG.
  2699 | D:2      | 2699 ||| DRINKING 2 black potions.
  2778 | D:3      | Found an iron altar of Okawaru.
  2786 | D:3      | Became a worshipper of Warmaster Okawaru
  2829 | D:3      | 2829 ||| DROPPING +0 whip.
  2878 | D:3      | HP: 7/30 [poisoned by an adder]
  2879 | D:3      | 2879 ||| DRINKING 4 potions of heal wounds.
  2999 | D:3      | 2999 ||| Stepping ~*~*~tactically~*~*~ (stealth).
  3001 | D:3      | 3001 ||| Stepping ~*~*~tactically~*~*~ (stealth).
  3115 | D:3      | 3115 ||| FLEEEEING.
  3170 | D:3      | 3170 ||| Stepping ~*~*~tactically~*~*~ (stealth).
  3171 | D:3      | 3171 ||| Stepping ~*~*~tactically~*~*~ (stealth).
  3232 | D:3      | 3232 ||| FLEEEEING.
  3499 | D:3      | 3499 ||| UPGRADING to ring of see invisible.
  3500 | D:3      | 3500 ||| READING scroll labelled UVVEOCKOOR.
  3501 | D:3      | 3501 ||| READING scroll labelled FIYTIH QOYLI.
  3502 | D:3      | 3502 ||| DRINKING 2 fizzy dark potions.
  3584 | D:4      | Reached skill level 6 in Axes
  3650 | D:4      | 3650 ||| Stepping ~*~*~tactically~*~*~ (stealth).
  3653 | D:4      | 3653 ||| Stepping ~*~*~tactically~*~*~ (stealth).
  3656 | D:4      | Noticed an ogre
  3658 | D:4      | 3658 ||| FLEEEEING.
  3659 | D:4      | 3659 ||| Stepping ~*~*~tactically~*~*~ (stealth).
  3668 | D:4      | Killed an ogre
  3669 | D:4      | Reached XP level 6. HP: 12/35 MP: 10/10
  3938 | D:4      | 3938 ||| Stepping ~*~*~tactically~*~*~ (hiding).
  3960 | D:4      | 3960 ||| FLEEEEING.
  3961 | D:4      | 3961 ||| FLEEEEING.
  3962 | D:4      | 3962 ||| FLEEEEING.
  3963 | D:4      | 3963 ||| FLEEEEING.
  3964 | D:4      | 3964 ||| FLEEEEING.
  3965 | D:4      | 3965 ||| FLEEEEING.
  3966 | D:4      | 3966 ||| FLEEEEING.
  3967 | D:4      | 3967 ||| FLEEEEING.
  3968 | D:4      | 3968 ||| FLEEEEING.
  3969 | D:4      | 3969 ||| FLEEEEING.
  3970 | D:4      | 3970 ||| FLEEEEING.
  3971 | D:4      | 3971 ||| FLEEEEING.
  3972 | D:4      | 3972 ||| FLEEEEING.
  3973 | D:4      | 3973 ||| FLEEEEING.
  3974 | D:4      | 3974 ||| FLEEEEING.
  3975 | D:4      | 3975 ||| FLEEEEING.
  3976 | D:4      | 3976 ||| FLEEEEING.
  3977 | D:4      | 3977 ||| FLEEEEING.
  3978 | D:4      | 3978 ||| FLEEEEING.
  3979 | D:4      | 3979 ||| FLEEEEING.
  3980 | D:4      | 3980 ||| FLEEEEING.
  3981 | D:4      | 3981 ||| FLEEEEING.
  3982 | D:4      | 3982 ||| FLEEEEING.
  3983 | D:4      | 3983 ||| FLEEEEING.
  3984 | D:4      | 3984 ||| FLEEEEING.
  3985 | D:4      | 3985 ||| FLEEEEING.
  3986 | D:4      | 3986 ||| FLEEEEING.
  3987 | D:4      | 3987 ||| FLEEEEING.
  3988 | D:4      | 3988 ||| FLEEEEING.
  3989 | D:4      | 3989 ||| FLEEEEING.
  3990 | D:4      | 3990 ||| FLEEEEING.
  3991 | D:4      | 3991 ||| FLEEEEING.
  3992 | D:4      | 3992 ||| FLEEEEING.
  3993 | D:4      | 3993 ||| FLEEEEING.
  3994 | D:4      | 3994 ||| FLEEEEING.
  3999 | D:4      | 3999 ||| FLEEEEING.
  4000 | D:4      | 4000 ||| FLEEEEING.
  4003 | D:4      | 4003 ||| FLEEEEING.
  4004 | D:4      | 4004 ||| FLEEEEING.
  4005 | D:4      | 4005 ||| FLEEEEING.
  4006 | D:4      | 4006 ||| FLEEEEING.
  4007 | D:4      | 4007 ||| FLEEEEING.
  4008 | D:4      | 4008 ||| FLEEEEING.
  4009 | D:4      | 4009 ||| FLEEEEING.
  4010 | D:4      | 4010 ||| FLEEEEING.
  4011 | D:4      | 4011 ||| FLEEEEING.
  4012 | D:4      | 4012 ||| FLEEEEING.
  4027 | D:4      | Reached skill level 7 in Axes
  4172 | D:4      | 4172 ||| DROPPING +3 whip.
  4261 | D:4      | Found a shimmering altar of Xom.
  4262 | D:4      | Found a shimmering altar of Xom.
  4262 | D:4      | Found a shimmering altar of Xom.
  4263 | D:4      | Found a shimmering altar of Xom.
  4265 | D:4      | Found a shimmering altar of Xom.
  4265 | D:4      | Found a shimmering altar of Xom.
  4502 | D:4      | Noticed a black bear
  4503 | D:4      | Noticed a black bear
  4514 | D:4      | Killed a black bear
  4515 | D:4      | Reached skill level 3 in Fighting
  4521 | D:4      | HP: 8/37 [black bear (3)]
  4522 | D:4      | 4522 ||| DRINKING 3 potions of heal wounds.
  4525 | D:4      | Killed a black bear
  4525 | D:4      | Reached * piety under Okawaru
  4526 | D:4      | Reached XP level 7. HP: 15/41 MP: 11/11
  4720 | D:4      | Found a bloodstained altar of Trog.
  4790 | D:4      | 4790 ||| Stepping ~*~*~tactically~*~*~ (stealth).
  5079 | D:4      | 5079 ||| READING 2 scrolls labelled NICIGO VOHOK.
  5080 | D:4      | 5080 ||| READING scroll of enchant weapon.
  5080 | D:4      | 5080 ||| ENCHANTING +1 hand axe.
  5081 | D:4      | 5081 ||| READING 3 scrolls labelled KIFADE MEUPSEK.
  5086 | D:4      | 5086 ||| DRINKING 2 bubbling orange potions.
  5087 | D:4      | 5087 ||| READING 2 scrolls of identify.
  5087 | D:4      | 5087 ||| IDENTIFYING sapphire potion
  5088 | D:4      | 5088 ||| DROPPING potion of brilliance.
  5110 | D:5      | Entered Level 5 of the Dungeon
  5197 | D:5      | 5197 ||| INVOKING Heroism.
  5211 | D:5      | Reached skill level 1 in Invocations
  5212 | D:5      | 5212 ||| INVOKING Heroism.
  5213 | D:5      | 5213 ||| INVOKING Heroism.
  5215 | D:5      | HP: 10/41 [water moccasin (4)]
  5215 | D:5      | Slain by a gnoll

Levels and vault maps discovered:
D:1:      minmay_arrival_checkered_box, layout_basic,
          shapermc_ecumenical_altar_pompeii
D:2:      layout_basic, basic_altar, hex_medium, uniq_jessica
D:3:      layout_basic, mainiacjoe_overflow_brackets
D:4:      layout_loops_corners, trog_ov_bears_minmay, xom_redecorated,
          st_stairs_4, chequers_arboretum
D:5:      minmay_octagon_keep, layout_loops_corners,
          nicolae_yredelemnul_ghost_church, chequers_serial_rivers_marsh,
          grunt_tough_drop

Skill      XL: |  1  2  3  4  5  6  7 |
---------------+----------------------+-----
Axes           | 3 4 5 6 7 |  7.7
Fighting       | 3 |  3.6
Invocations    | 1 |  1.0
Throwing       | |  1.0
Armour         | |  1.1
Dodging        | |  2.1
Spellcasting   | |  2.0
Translocations | |  2.4

Action                   |  1- 3 |  4- 6 |  7- 9 || total
-------------------------+-------+-------+-------++-------
Melee: Hand axe          |    91 |   143 |    25 ||   259
       Kick              |    23 |    44 |     9 ||    76
       Peck              |    12 |    21 |     5 ||    38
       Punch             |       |     4 |       ||     4
Throw: Boomerang         |     7 |       |       ||     7
Invok: Heroism           |       |       |     2 ||     2
  Use: Scroll            |     4 |     5 |     4 ||    13
       Potion            |       |     4 |     1 ||     5
Armor: Leather armour    |    26 |    14 |       ||    40
       Ring mail         |       |    19 |     4 ||    23
Dodge: Dodged            |    43 |    87 |    23 ||   153

Table legend:
 A = Non-vault XP
 B = Vault XP
 C = Vault XP percentage of total XP
 D = Non-vault monster count
 E = Vault monster count
 F = Vault count percentage of total count
                 A         B        C        D         E       F
            +---------+---------+-------+---------+---------+-------
      Total |     510 |     309 |  37.7 |      80 |       5 |   5.9
            +---------+---------+-------+---------+---------+-------
        D:1 |      43 |       0 |   0.0 |      25 |       0 |   0.0
        D:2 |      87 |      37 |  29.8 |      23 |       1 |   4.2
        D:3 |      39 |       0 |   0.0 |      13 |       0 |   0.0
        D:4 |     240 |     272 |  53.1 |      15 |       4 |  21.1
        D:5 |     101 |       0 |   0.0 |       4 |       0 |   0.0
            +---------+---------+-------+---------+---------+-------
